 Dungeon Crawl Stone Soup version 0.29-a0-222-g5b244fca1f (webtiles) character file.

Game seed: 2925834167756115795

102 Hasart the Bolt Thrower (level 4, -1/37 HPs)
             Began as a Demigod Hunter on Feb 27, 2022.
             Slain by a phantom (5 damage)
             ... on level 4 of the Dungeon.
             The game lasted 00:03:02 (2287 turns).

Hasart the Bolt Thrower (Demigod Hunter)            Turns: 2287, Time: 00:03:02

Health: -1/37      AC:  8    Str: 13    XL:     4   Next: 25%
Magic:  6/6        EV: 12    Int: 13    God:
Gold:   127        SH:  0    Dex: 18    Spells: 3/3 levels left

rFire   + . .      SeeInvis .   a - +1 hand crossbow
rCold   . . .      Faith    .   (no shield)
rNeg    . . .      Spirit   .   b - +0 leather armour
rPois   .          Reflect  .   (no helmet)
rElec   .          Harm     .   (no cloak)
rCorr   .          Rampage  .   (no gloves)
Will    .....                   i - +0 pair of boots
Stlth   ++........              (no amulet)
HPRegen 0.12/turn               m - +4 ring of protection
MPRegen 0.10/turn               n - ring of protection from fire

@: no status effects
A: high MP 1, forlorn, divine attributes
a: no special abilities


You were on level 4 of the Dungeon.
You visited 1 branch of the dungeon, and saw 4 of its levels.

You collected 127 gold pieces.

Inventory:

Hand Weapons
 a - a +1 hand crossbow (weapon)
Missiles
 j - 11 poisoned darts
Armour
 b - a +0 leather armour (worn)
 i - a +0 pair of boots (worn)
Jewellery
 m - a +4 ring of protection (left hand)
 n - a ring of protection from fire (right hand)
 o - a ring of ice
 p - a ring of protection from cold
Scrolls
 c - a scroll of noise {unknown}
 e - a scroll of vulnerability {unknown}
 g - 2 scrolls of identify {unknown}
 h - 3 scrolls of teleportation {unknown}
 l - a scroll of blinking {unknown}
Potions
 d - 2 potions of invisibility {unknown}
 f - a potion of magic {unknown}
 k - a potion of degeneration {unknown}
 q - a potion of curing {unknown}


   Skills:
 + Level 2.5 Fighting
 * Level 4.4 Crossbows
 + Level 2.4 Dodging
 + Level 2.0 Stealth


You had 3 spell levels left.
You didn't know any spells.
Your spell library contained the following spells:

 Spells                   Type           Power      Damage    Failure   Level
 Magic Dart               Conj           0%         1d3       36%         1
 Searing Ray              Conj           0%         2d4       52%         2
 Fulminant Prism          Conj/Hex       0%         3d6       98%         4


Dungeon Overview and Level Annotations

Branches:
Dungeon (4/15)
 Temple: D:4-7

Annotations:
D:2 Sigmund


Innate Abilities, Weirdness & Mutations

You have an increased reservoir of magic. (+10% MP)
You shall have no god before yourself.
Your divine heritage dramatically boosts your attributes as you level up.


Message History

The phantom hits you but does no damage.
Shoot: a) +1 hand crossbow
Press: ? - help, Q - select action, (/) - cycle Shift-Dir - straight line, f/p - phantom
Aim: a phantom (lightly damaged, 57% to hit)
You shoot a bolt. The bolt hits the phantom.
The phantom is lightly damaged.
The phantom hits you.
* * * LOW HITPOINT WARNING * * *
Shoot: a) +1 hand crossbow
Press: ? - help, Q - select action, (/) - cycle Shift-Dir - straight line, f/p - phantom
Aim: a phantom (lightly damaged, 57% to hit)
You shoot a bolt. The bolt closely misses the phantom.
The phantom hits you but does no damage.
The phantom hits you.
* * * LOW HITPOINT WARNING * * *
Shoot: a) +1 hand crossbow
Press: ? - help, Q - select action, (/) - cycle Shift-Dir - straight line, f/p - phantom
Aim: a phantom (lightly damaged, 57% to hit)
You shoot a bolt. The bolt hits the phantom!
The phantom is moderately damaged.
The phantom barely misses you.
Shoot: a) +1 hand crossbow
Press: ? - help, Q - select action, (/) - cycle Shift-Dir - straight line, f/p - phantom
Aim: a phantom (moderately damaged, 57% to hit)
You shoot a bolt. The bolt hits the phantom.
The phantom is heavily damaged.
The phantom barely misses you.
Shoot: a) +1 hand crossbow
Press: ? - help, Q - select action, (/) - cycle Shift-Dir - straight line, f/p - phantom
Aim: a phantom (heavily damaged, 57% to hit)
You shoot a bolt. The bolt closely misses the phantom.
The phantom misses you. The phantom hits you.
* * * LOW HITPOINT WARNING * * *
Shoot: a) +1 hand crossbow
Press: ? - help, Q - select action, (/) - cycle Shift-Dir - straight line, f/p - phantom
Aim: a phantom (heavily damaged, 57% to hit)
You shoot a bolt. The bolt hits the phantom.
The phantom is heavily damaged.
The phantom hits you.
You die...

.......
#.....# ..
#...?.# #.
#.....# #..
#.....#
#..#.....#
##..#.....#
#......@.#
#$)....W.#
#........#
#........#
♣.P♣♣♣....#
.. ♣♣.....
♣...###
♣...# P...#


You could see a phantom.

Vanquished Creatures
  5 adders
  2 worms
  4 dart slugs
  2 ball pythons
  4 bats
  2 endoplasms
  4 giant cockroaches
  5 goblins
  3 hobgoblins
  A quokka (D:3)
  2 frilled lizards (D:1)
  5 kobolds
  6 rats
45 creatures vanquished.

Vanquished Creatures (others)
  A fungus (D:1)
1 creature vanquished.

Grand Total: 46 creatures vanquished

Notes
Turn   | Place    | Note
-------+----------+-------------------------------------------
     0 | D:1      | Hasart the Demigod Hunter began the quest for the Orb.
     0 | D:1      | Reached XP level 1. HP: 17/17 MP: 3/3
   133 | D:1      | Reached skill level 1 in Stealth
   163 | D:1      | Reached XP level 2. HP: 22/24 MP: 4/4
   838 | D:2      | Reached skill level 4 in Crossbows
  1133 | D:2      | Reached XP level 3. HP: 9/29 MP: 5/5
  1898 | D:2      | Noticed Sigmund
  2035 | D:3      | Reached XP level 4. HP: 33/37 MP: 6/6
  2276 | D:4      | Noticed a phantom
  2287 | D:4      | Slain by a phantom

Illustrated notes

Levels and vault maps discovered:
D:1:      dpeg_arrival_castle, layout_basic, shapermc_ecumenical_altar_petra,
          grunt_decor_cap, serial_bayou_lake_a
D:2:      layout_basic, minmay_tripent, uniq_sigmund
D:3:      layout_basic, demons_altar, minmay_misc_feat_enclosed,
          grunt_ministairs_14, minmay_misc_feat_ornament
D:4:      layout_basic, mainiacjoe_overflow_concentric_impassable,
          amcnicky_altar_gilded, mainiacjoe_overflow_cross_hatched,
          serial_forest, infiniplex_forest_lined_2, infiniplex_forest_zigzag_1,
          infiniplex_forest_corner_2, infiniplex_forest_straight_5,
          infiniplex_forest_lined_3, infiniplex_forest_straight_5,
          infiniplex_forest_diagonal, minivault_11

Skill      XL: |  1  2  3  4 |
---------------+-------------+-----
Stealth        | 1 2 |  2.0
Fighting       | 2 |  2.5
Dodging        | 2 |  2.4
Crossbows      | 4 |  4.4

Action                   |  1- 3 |  4- 6 || total
-------------------------+-------+-------++-------
 Fire: Hand crossbow     |   108 |    31 ||   139
Armor: Leather armour    |    15 |     5 ||    20
Dodge: Dodged            |    25 |     9 ||    34

Table legend: (Time is in decaauts)
 A = Elapsed time spent in this place.
 B = Non-inter-level travel time spent in this place.
 C = Inter-level travel time spent in this place.
 D = Time resting spent in this place.
 E = Time spent auto-exploring this place.
 F = Levels seen in this place.
 G = Mean time per level.
                   A        B        C        D        E       F      G
               +--------+--------+--------+--------+--------+-----+--------+
         Total |   2347 |   2231 |    116 |    234 |   1666 |   4 |  586.8 |
       Dungeon |   2347 |   2231 |    116 |    234 |   1666 |   4 |  586.8 |
               +--------+--------+--------+--------+--------+-----+--------+

Top non-repeatable levels by time:
     D:2: 1014 daAuts
     D:1: 933 daAuts
     D:3: 366 daAuts
     D:4: 32 daAuts
